 Dungeon Sprint DCSS version 0.21.2 (webtiles) character file.

2009 Fang the Cleaver (level 9, -2/65 HPs)
             Began as a Gargoyle Berserker on Sept 25, 2018.
             Was a High Priest of Trog.
             Slain by an ogre
             ... wielding a +0 giant club
              (16 damage)
             ... in the Dungeon (Sprint IX: "|||||||||||||||||||||||||||||").
             The game lasted 00:02:49 (567 turns).

Fang the Cleaver (Gargoyle Berserker)                Turns: 567, Time: 00:02:50

Health: -2/65      AC: 10    Str: 23    XL:     9   Next: 22%
Magic:  9/9        EV: 15    Int:  9    God:    Trog [*****.]
Gold:   0          SH:  0    Dex: 12    Spells: 8/8 levels left

rFire    . . .     SeeInvis .   o - +1 broad axe (chop)
rCold    . . .     Gourm    .   (no shield)
rNeg     + . .     Faith    .   b - +0 animal skin
rPois    ∞         Spirit   .   (no helmet)
rElec    +         Reflect  .   (no cloak)
rCorr    .         Harm     .   (no gloves)
MR       .....     NoTele   +   (no boots)
Stlth    ++........             (no amulet)
HPRegen  0.20/turn              m - +2 ring of protection
MPRegen  0.11/turn              n - +3 ring of dexterity

@: berserk cooldown, slowed, very slow
A: negative energy resistance 1, electricity resistance, unbreathing,
petrification resistance, rot immunity, AC +6
a: Berserk, Trog's Hand, Brothers in Arms, Burn Spellbooks, Renounce Religion


You were in the Dungeon.
You worshipped Trog.
Trog was extremely pleased with you.
You were hungry.

You visited 1 branch

Inventory:

Hand Weapons
 a - a +0 hand axe
 o - a +1 broad axe of chopping (weapon)
Armour
 b - a +0 animal skin (worn)
Jewellery
 m - a +2 ring of protection (left hand)
 n - a +3 ring of dexterity (right hand)
Wands
 l - a wand of iceblast (10)
Scrolls
 i - 2 scrolls of blinking
 k - 3 scrolls of remove curse
Potions
 d - 5 potions of curing
 e - 3 potions of heal wounds
 f - a potion of haste
 g - 4 potions of magic
 h - a potion of berserk rage
 j - a potion of invisibility
Comestibles
 c - a ration
 p - 6 chunks of flesh


   Skills:
 + Level 12.0 Fighting
 + Level 13.0 Axes
 + Level 5.9 Armour
 + Level 6.8 Dodging
 + Level 3.1 Stealth


You had 8 spell levels left.
You didn't know any spells.

Dungeon Overview and Level Annotations

Branches:
Dungeon (1/1)

Altars:
Cheibriados
Dithmenos
Elyvilon
Fedhas
Gozag
Hepliaklqana
Kikubaaqudgha
Makhleb
Nemelex Xobeh
Okawaru
Qazlal
Ru
Sif Muna
Trog
Uskayaw
Vehumet
Wu Jian
Xom
Yredelemnul
Zin
The Shining One
Beogh
Jiyva
Lugonu


Innate Abilities, Weirdness & Mutations

You are resistant to torment.
Your stone body is resilient. (AC +6)
You are immune to poison.
You resist negative energy. (rN+)
You are resistant to electric shocks. (rElec)
You can survive without breathing.
You are immune to petrification.
You are immune to rotting.


Message History

You miss something. Something hits you. Something shocks you. You resist.
Something hits you but does no damage.
You barely miss something.
A sky beast appears from thin air!
Reactivating autopickup.
The sky beast barely misses you.
You slash the sky beast!
You kill the sky beast!
Trog accepts your kill.
Your Fighting skill increases to level 12!
Your Axes skill increases to level 13!
The ogre closely misses you.
You barely miss the ogre. The ogre hits you with a giant club!
* * * LOW HITPOINT WARNING * * *
You slash the ogre!
The ogre is moderately wounded.
The ogre completely misses you.
You hit the ogre but do no damage.
The ogre is moderately wounded.
The ogre hits you with a giant club!
You die... ▓▓▓▓▓▓▓▓▓▓▓▓▓▓▓▓▓▓▓▓▓ )[[[..).(...('))@O..+ ▓▓▓▓▓▓▓▓▓▓▓▓▓▓▓▓▓▓▓▓▓

You could see an ogre.

Vanquished Creatures
  2 centaur warriors (D)
  A wyvern (D)
  A yak (D)
  A sky beast (D)
  An ogre (D)
  A big kobold (D)
  A scorpion (D)
  A killer bee (D)
  A howler monkey (D)
  2 worker ants (D)
  An adder (D)
  An adder skeleton (D)
  A dart slug (D)
  An orc (D)
  2 ball pythons (D)
  A frilled lizard (D)
  A giant cockroach zombie (D)
  A rat (D)
21 creatures vanquished.

Notes
Turn   | Place    | Note
-------+----------+-------------------------------------------
     0 | D        | Fang the Gargoyle Berserker began the quest for the Orb.
     0 | D        | Reached XP level 1. HP: 14/14 MP: 1/1
    10 | D        | Reached skill level 3 in Axes
    14 | D        | Reached ** piety under Trog
    23 | D        | Reached XP level 2. HP: 10/20 MP: 2/2
   178 | D        | Noticed an ogre
   184 | D        | Reached skill level 5 in Fighting
   184 | D        | Reached skill level 4 in Axes
   184 | D        | Reached XP level 3. HP: 13/26 MP: 3/3
   188 | D        | Reached *** piety under Trog
   192 | D        | Reached skill level 5 in Axes
   197 | D        | Killed an ogre
   197 | D        | Reached skill level 6 in Axes
   197 | D        | Reached XP level 4. HP: 27/34 MP: 4/4
   197 | D        | Reached XP level 5. HP: 30/38 MP: 5/5
   333 | D        | Found a roughly hewn altar of Beogh.
   333 | D        | Found a snail-covered altar of Cheibriados.
   333 | D        | Found a shadowy altar of Dithmenos.
   333 | D        | Found a white marble altar of Elyvilon.
   333 | D        | Found a blossoming altar of Fedhas.
   333 | D        | Found an opulent altar of Gozag.
   334 | D        | Found a hazy altar of Hepliaklqana.
   335 | D        | Found a viscous altar of Jiyva.
   336 | D        | Found an ancient bone altar of Kikubaaqudgha.
   337 | D        | Found a corrupted altar of Lugonu.
   338 | D        | Found a burning altar of Makhleb.
   339 | D        | Found a sparkling altar of Nemelex Xobeh.
   340 | D        | Found an iron altar of Okawaru.
   341 | D        | Found a stormy altar of Qazlal.
   342 | D        | Found a sacrificial altar of Ru.
   343 | D        | Found a deep blue altar of Sif Muna.
   344 | D        | Found a bloodstained altar of Trog.
   345 | D        | Found a hide-covered altar of Uskayaw.
   346 | D        | Found a radiant altar of Vehumet.
   347 | D        | Found an ornate altar of the Wu Jian Council.
   348 | D        | Found a shimmering altar of Xom.
   349 | D        | Found a basalt altar of Yredelemnul.
   350 | D        | Found a glowing silver altar of Zin.
   351 | D        | Found a glowing golden altar of the Shining One.
   375 | D        | Noticed a yak
   375 | D        | Noticed a wyvern
   375 | D        | Noticed a big kobold
   383 | D        | Reached **** piety under Trog
   393 | D        | Reached skill level 7 in Axes
   398 | D        | Killed a yak
   398 | D        | Reached skill level 8 in Axes
   398 | D        | Reached skill level 1 in Stealth
   398 | D        | Reached XP level 6. HP: 45/45 MP: 6/6
   404 | D        | Killed a wyvern
   404 | D        | Reached skill level 9 in Axes
   404 | D        | Reached skill level 5 in Armour
   404 | D        | Reached XP level 7. HP: 44/51 MP: 7/7
   411 | D        | Reached ***** piety under Trog
   411 | D        | Reached skill level 10 in Axes
   532 | D        | Noticed a centaur warrior
   532 | D        | Noticed a centaur warrior
   539 | D        | Killed a centaur warrior
   539 | D        | Reached skill level 11 in Axes
   539 | D        | Reached XP level 8. HP: 53/60 MP: 8/8
   545 | D        | Killed a centaur warrior
   545 | D        | Received a gift from Trog
   545 | D        | Reached skill level 12 in Axes
   545 | D        | Reached XP level 9. HP: 53/65 MP: 9/9
   564 | D        | Reached skill level 13 in Axes
   567 | D        | Slain by an ogre

Skill      XL: |  1  2  3  4  5  6  7  8  9 |
---------------+----------------------------+-----
Axes           | 3 4 6 8 9 11 12 13 | 13.0
Fighting       | 4 5 7 8 9 11 12 | 12.0
Armour         | 3 4 5 |  5.9
Dodging        | 2 3 4 6 |  6.8
Stealth        | 1 2 3 |  3.1

Action                   |  1- 3 |  4- 6 |  7- 9 || total
-------------------------+-------+-------+-------++-------
Melee: Hand axe          |    36 |    28 |     7 ||    71
       Broad axe         |       |       |    30 ||    30
Invok: Berserk           |     1 |     1 |     1 ||     3
  Eat: Chunk             |       |       |     1 ||     1
Armor: Animal skin       |     6 |     3 |    12 ||    21
Dodge: Dodged            |    19 |    19 |    15 ||    53
